 Dungeon Crawl Stone Soup version 0.29.0-4-gdea44cf6ec (webtiles) character file.

Game seed: 12519011744435547422

2965 qw the Cleaver (level 9, -8/118 HPs)
             Began as a Minotaur Berserker on Sept 9, 2022.
             Was a Priest of Trog.
             Mangled by a boulder beetle (9 damage)
             ... on level 9 of the Dungeon.
             The game lasted 00:02:25 (8107 turns).

qw the Cleaver (Minotaur Berserker)                 Turns: 8107, Time: 00:02:26

Health: -8/118     AC: 20    Str: 25    XL:     9   Next: 52%
Magic:  8/8        EV:  8    Int:  4    God:    Trog [***...]
Gold:   393        SH:  0    Dex: 11    Spells: 8/8 levels left

rFire   . . .      SeeInvis .   Y - +0 war axe
rCold   . . .      Faith    .   (no shield)
rNeg    . . .      Spirit   .   s - +0 plate armour
rPois   .          Reflect  .   (helmet unavailable)
rElec   .          Harm     .   e - +2 cloak
rCorr   .          Rampage  .   (no gloves)
Will    .....                   (no boots)
Stlth   ..........              (no amulet)
HPRegen 0.29/turn               i - +4 ring of protection
MPRegen 0.11/turn               (no ring)

@: berserking, very quick
A: horns 3, retaliatory headbutt, fangs 1, wild magic 1
a: Renounce Religion, Berserk, Trog's Hand


You were on level 9 of the Dungeon.
You worshipped Trog.
Trog was most pleased with you.
You visited 1 branch of the dungeon, and saw 9 of its levels.

You collected 550 gold pieces.
You spent 157 gold pieces at shops.


Innate Abilities, Weirdness & Mutations

You have a pair of large horns on your head.
You reflexively headbutt those who attack you in melee.
You have very sharp teeth.
Your spells are a little harder to cast, but a little more powerful.


   Skills:
 - Level 7.0 Fighting
 + Level 12.9 Axes
 - Level 3.0 Throwing
 - Level 7.0 Armour
 - Level 2.1 Dodging


You had 8 spell levels left.
You didn't know any spells.
Your spell library was empty.

Inventory:

Hand Weapons
 g - a +0 flail of draining
 Y - a +0 war axe (weapon)
Missiles
 h - a silver javelin (quivered)
 l - 3 boomerangs
Armour
 c - a +0 pair of boots
 e - a +2 cloak (worn)
 s - a +0 plate armour (worn)
Jewellery
 i - a +4 ring of protection (left hand)
Scrolls
 a - 4 scrolls of identify
 n - 6 scrolls of teleportation
Potions
 b - 2 potions of mutation
 d - a potion of resistance
 f - a potion of might
 j - 3 potions of haste
 k - 4 potions of curing

Dungeon Overview and Level Annotations

Branches:
Dungeon (9/15)             Temple (0/1) D:5
   Lair: D:8-11         Orc: D:9-12

Altars:
Dithmenos
Elyvilon
Hepliaklqana
Makhleb
Nemelex Xobeh
Sif Muna
Yredelemnul

Shops:
D:3 *   D:6 *   D:7 [


Message History

A red film seems to cover your vision as you go berserk!
You feel yourself moving faster!
You feel mighty! The freezing wraith hits you.
The freezing wraith freezes you!! The freezing wraith barely misses you.
The cyclops throws a large rock.
The large rock hits you!!
You barely miss the freezing wraith.
Your headbutt misses the freezing wraith.
You bite the freezing wraith!
The freezing wraith is moderately damaged.
The freezing wraith hits you! The freezing wraith freezes you!
The freezing wraith hits you.
You hit the freezing wraith.
The freezing wraith is moderately damaged.
You closely miss the freezing wraith.
You headbutt the freezing wraith, but do no damage.
The freezing wraith is moderately damaged.
The freezing wraith hits you. The freezing wraith freezes you!
The freezing wraith barely misses you.
A boulder beetle comes into view.
You hit the freezing wraith.
Your headbutt misses the freezing wraith.
The freezing wraith is moderately damaged.
You closely miss the freezing wraith. You headbutt the freezing wraith!
The freezing wraith is severely damaged.
The freezing wraith hits you. The freezing wraith freezes you!
The freezing wraith hits you but does no damage.
You hit the freezing wraith. You headbutt the freezing wraith!
You destroy the freezing wraith!
Trog accepts your kill.
You hit the boulder beetle.
A boulder beetle comes into view.
The boulder beetle bites you but does no damage.
You hit the boulder beetle. You headbutt the boulder beetle.
The boulder beetle is lightly wounded.
You hit the boulder beetle but do no damage.
You slash the boulder beetle!
The boulder beetle is moderately wounded.
You hit the boulder beetle but do no damage.
The boulder beetle bites you!
You die...

. ........... ## #'
###+#####... #|.##.#
#.......#... ..#.#.#
##...####[#...
#.#.#.#
#..###....#...
#u#.#.##.##......#...
#C#.#.'.#......)'...
#B#.##.##.....)#...
#@###..###....#...
#B#B.##...####.#...
#.# .|###.......#...
#+ #######'#####...
#.............
#.............
#.............
#.............
+.............


You could see 3 boulder beetles, a red ugly thing and a cyclops.

Vanquished Creatures
  A freezing wraith (D:9)
  A wyvern (D:9)
  A yak (D:9)
  2 steam dragons
  A water moccasin (D:9)
  2 black bears
  2 ice beasts (D:7)
  3 sky beasts
  An orc warrior (D:6)
  A centaur (D:9)
  An ogre (D:5)
  A phantom (D:6)
  2 bullfrogs
  A kobold brigand (D:6)
  2 scorpions
  A wight (D:9)
  A howler monkey (D:7)
  4 killer bees
  2 hounds
  An orc priest (D:8)
  3 iguanas
  4 orc wizards
  3 gnolls (D:4)
  8 adders
  A white imp (D:7)
  An ufetubus (D:6)
  2 worms
  2 dart slugs
  18 orcs
  14 ball pythons
  5 endoplasms
  6 giant cockroaches
  5 goblins
  2 hobgoblins (D:2)
  17 jackals
  3 quokkas
  3 bats
  5 frilled lizards
  14 kobolds
  4 rats
151 creatures vanquished.

Notes
Turn   | Place    | Note
-------+----------+-------------------------------------------
     0 | D:1      | qw the Minotaur Berserker began the quest for the Orb.
     0 | D:1      | Reached XP level 1. HP: 19/19 MP: 0/0
     0 | D:1      | 0 ||| qw: Version: 0.1-a-113-g051387a
     0 | D:1      | 0 ||| qw: Game counter: 7290
     0 | D:1      | 0 ||| qw: Always use a shield: true
     0 | D:1      | 0 ||| qw: Do Orc after D:15 true
     0 | D:1      | 0 ||| qw: Do second Lair branch before Depths: true
     0 | D:1      | 0 ||| qw: Lair rune preference: random
     0 | D:1      | 0 ||| qw: Plans: Normal
     0 | D:1      | 0 ||| PLANNING D:1-11
    14 | D:1      | 14 ||| INVOKING Berserk.
    15 | D:1      | 15 ||| INVOKING Berserk.
   202 | D:1      | Reached skill level 4 in Axes
   204 | D:1      | 204 ||| INVOKING Berserk.
   386 | D:1      | Reached XP level 2. HP: 26/26 MP: 1/1
   426 | D:1      | 426 ||| Stepping ~*~*~tactically~*~*~ (stealth).
   472 | D:1      | 472 ||| Stepping ~*~*~tactically~*~*~ (stealth).
   522 | D:1      | 522 ||| Stepping ~*~*~tactically~*~*~ (stealth).
   841 | D:1      | 841 ||| Stepping ~*~*~tactically~*~*~ (stealth).
   845 | D:1      | Reached skill level 5 in Axes
   940 | D:1      | Reached XP level 3. HP: 30/31 MP: 2/2
  1184 | D:1      | 1184 ||| Stepping ~*~*~tactically~*~*~ (stealth).
  1236 | D:1      | 1236 ||| UPGRADING to +0 ring mail.
  1246 | D:1      | 1246 ||| DROPPING +0 animal skin.
  1247 | D:1      | 1247 ||| UPGRADING to +0 scale mail.
  1257 | D:1      | 1257 ||| DROPPING +0 ring mail.
  1258 | D:1      | 1258 ||| UPGRADING to +4 ring of protection.
  1259 | D:1      | 1259 ||| READING scroll labelled SOPLYA FARAUJ.
  1260 | D:1      | 1260 ||| READING scroll labelled CEORUPP ULLO.
  1261 | D:1      | 1261 ||| READING scroll labelled FETZOC ZELI.
  1273 | D:2      | 1273 ||| Stepping ~*~*~tactically~*~*~ (stealth).
  1276 | D:2      | 1276 ||| Stepping ~*~*~tactically~*~*~ (stealth).
  1277 | D:2      | 1277 ||| Stepping ~*~*~tactically~*~*~ (stealth).
  1284 | D:2      | Reached ** piety under Trog
  1329 | D:2      | 1329 ||| INVOKING Berserk.
  1543 | D:2      | 1543 ||| Stepping ~*~*~tactically~*~*~ (stealth).
  1544 | D:2      | 1544 ||| Stepping ~*~*~tactically~*~*~ (stealth).
  1547 | D:2      | 1547 ||| Stepping ~*~*~tactically~*~*~ (stealth).
  1554 | D:2      | 1554 ||| Stepping ~*~*~tactically~*~*~ (stealth).
  1561 | D:2      | Reached skill level 6 in Axes
  1561 | D:2      | Reached XP level 4. HP: 39/39 MP: 3/3
  1741 | D:2      | 1741 ||| READING scroll of enchant weapon.
  1741 | D:2      | 1741 ||| ENCHANTING +1 hand axe.
  1989 | D:2      | 1989 ||| UPGRADING to +0 cloak.
  1994 | D:2      | 1994 ||| READING scroll labelled FUN XEDEAFEYQI.
  1995 | D:2      | 1995 ||| READING scroll labelled DOOJISEPUE.
  1996 | D:2      | 1996 ||| READING scroll labelled DESUJU CIESHRYR.
  2097 | D:2      | 2097 ||| DRINKING 2 sedimented coppery potions.
  2097 | D:2      | Gained mutation: You have very sharp teeth. [potion of
                  | mutation]
  2097 | D:2      | Gained mutation: Your spells are a little harder to cast,
                  | but a little more powerful. [potion of mutation]
  2097 | D:2      | Gained mutation: You have a pair of large horns on your
                  | head. [potion of mutation]
  2098 | D:2      | 2098 ||| DRINKING 2 fuming sapphire potions.
  2099 | D:2      | 2099 ||| DROPPING potion of invisibility.
  2115 | D:3      | 2115 ||| Stepping ~*~*~tactically~*~*~ (stealth).
  2164 | D:3      | Found a shadowy altar of Dithmenos.
  2240 | D:3      | Found Lyroriru's Assorted Antiques.
  2245 | D:3      | 2245 ||| BUYING 2 coppery potions (37 gold).
  2245 | D:3      | Bought 2 coppery potions for 37 gold pieces
  2245 | D:3      | 2245 ||| BUYING coppery potion (18 gold).
  2245 | D:3      | Bought a coppery potion for 18 gold pieces
  2245 | D:3      | 2245 ||| BUYING fizzy inky potion (18 gold).
  2245 | D:3      | Bought a fizzy inky potion for 18 gold pieces
  2245 | D:3      | 2245 ||| BUYING mace (63 gold).
  2245 | D:3      | Bought a mace for 63 gold pieces
  2245 | D:3      | 2245 ||| BUYING scroll labelled EJOCHY PIRIMA (21 gold).
  2245 | D:3      | Bought a scroll labelled EJOCHY PIRIMA for 21 gold pieces
  2245 | D:3      | 2245 ||| SHOPLISTING scroll of identify (42 gold, have 6).
  2245 | D:3      | 2245 ||| DROPPING +0 club.
  2381 | D:3      | Found a white marble altar of Elyvilon.
  2442 | D:3      | 2442 ||| Stepping ~*~*~tactically~*~*~ (stealth).
  2453 | D:3      | 2453 ||| DROPPING +0 mace.
  2749 | D:3      | Found a basalt altar of Yredelemnul.
  2756 | D:3      | 2756 ||| READING 2 scrolls labelled EJOCHY PIRIMA.
  2761 | D:3      | 2761 ||| DRINKING 4 coppery potions.
  2762 | D:3      | 2762 ||| READING 2 scrolls of identify.
  2762 | D:3      | 2762 ||| IDENTIFYING yellow potion
  2785 | D:4      | Reached skill level 1 in Throwing
  2858 | D:4      | 2858 ||| READING scroll of enchant weapon.
  2858 | D:4      | 2858 ||| ENCHANTING +2 hand axe.
  2873 | D:4      | 2873 ||| DROPPING +1 vorpal hand axe.
  2961 | D:4      | Reached XP level 5. HP: 37/45 MP: 4/4
  3289 | D:4      | 3289 ||| INVOKING Berserk.
  3295 | D:4      | Reached skill level 7 in Axes
  3702 | D:4      | 3702 ||| READING scroll labelled RILE AHUODGHETH.
  3703 | D:4      | 3703 ||| READING 2 scrolls of identify.
  3703 | D:4      | 3703 ||| IDENTIFYING fizzy inky potion
  3704 | D:4      | 3704 ||| DROPPING potion of berserk rage.
  3719 | D:5      | Entered Level 5 of the Dungeon
  3721 | D:5      | Noticed a steam dragon
  3722 | D:5      | 3722 ||| Stepping ~*~*~tactically~*~*~ (cloud).
  3724 | D:5      | 3724 ||| Stepping randomly (cloudy).
  3725 | D:5      | 3725 ||| INVOKING Berserk.
  3729 | D:5      | Killed a steam dragon
  3730 | D:5      | Reached XP level 6. HP: 56/56 MP: 5/5
  3933 | D:5      | Found a burning altar of Makhleb.
  3968 | D:5      | 3968 ||| INVOKING Berserk.
  3978 | D:5      | Reached skill level 8 in Axes
  3978 | D:5      | Reached XP level 7. HP: 55/61 MP: 6/6
  4314 | D:5      | Found a staircase to the Ecumenical Temple.
  4337 | D:5      | Reached *** piety under Trog
  4616 | D:5      | 4616 ||| SWAPPING to +0 war axe.
  4620 | D:5      | 4620 ||| DROPPING +3 hand axe.
  4851 | D:5      | 4851 ||| UPGRADING to +0 plate armour.
  4861 | D:5      | 4861 ||| DROPPING +0 scale mail.
  4862 | D:5      | 4862 ||| DROPPING ring of flight.
  4863 | D:5      | 4863 ||| READING scroll labelled YCLEDGH OFORUEH.
  5005 | D:5      | 5005 ||| READING scroll labelled EMYLEU FELAVESH.
  5043 | D:6      | 5043 ||| STAIRDANCE
  5057 | D:6      | Reached skill level 3 in Armour
  5084 | D:6      | Identified the +0 ring mail of the Valley of Death {Str+2
                  | Dex-5 Stlth+}
  5132 | D:6      | 5132 ||| Stepping ~*~*~tactically~*~*~ (stealth).
  5139 | D:6      | 5139 ||| FLEEEEING.
  5140 | D:6      | 5140 ||| FLEEEEING.
  5141 | D:6      | 5141 ||| FLEEEEING.
  5142 | D:6      | 5142 ||| FLEEEEING.
  5143 | D:6      | 5143 ||| FLEEEEING.
  5144 | D:6      | 5144 ||| FLEEEEING.
  5145 | D:6      | 5145 ||| FLEEEEING.
  5146 | D:6      | 5146 ||| FLEEEEING.
  5147 | D:6      | 5147 ||| FLEEEEING.
  5148 | D:6      | 5148 ||| FLEEEEING.
  5149 | D:6      | 5149 ||| FLEEEEING.
  5150 | D:6      | 5150 ||| FLEEEEING.
  5151 | D:6      | 5151 ||| FLEEEEING.
  5152 | D:6      | 5152 ||| FLEEEEING.
  5153 | D:6      | 5153 ||| FLEEEEING.
  5154 | D:6      | 5154 ||| FLEEEEING.
  5157 | D:6      | 5157 ||| FLEEEEING.
  5166 | D:6      | 5166 ||| FLEEEEING.
  5172 | D:6      | 5172 ||| STAIRDANCE
  5226 | D:5      | 5226 ||| READING scroll labelled VIXAYC ZUDUWN.
  5251 | D:6      | Reached skill level 9 in Axes
  5418 | D:6      | 5418 ||| INVOKING Berserk.
  5533 | D:6      | Found a shimmering blue altar of Sif Muna.
  5540 | D:6      | Reached XP level 8. HP: 68/69 MP: 7/7
  5592 | D:6      | 5592 ||| INVOKING Berserk.
  5598 | D:6      | Reached skill level 10 in Axes
  5611 | D:6      | 5611 ||| Stepping ~*~*~tactically~*~*~ (stealth).
  5762 | D:6      | Reached skill level 6 in Fighting
  5777 | D:6      | 5777 ||| Stepping ~*~*~tactically~*~*~ (stealth).
  5852 | D:6      | 5852 ||| DROPPING +0 flail.
  5869 | D:6      | Found Bugyecei's Assorted Antiques.
  6004 | D:6      | 6004 ||| READING scroll labelled LIONWE QYLYUCS.
  6005 | D:6      | 6005 ||| DRINKING 2 lumpy blue potions.
  6006 | D:6      | 6006 ||| READING 3 scrolls of identify.
  6006 | D:6      | 6006 ||| IDENTIFYING glowing puce potion
  6007 | D:6      | 6007 ||| READING 2 scrolls of identify.
  6007 | D:6      | 6007 ||| IDENTIFYING white potion
  6008 | D:6      | 6008 ||| DROPPING potion of flight.
  6009 | D:6      | 6009 ||| DROPPING potion of degeneration.
  6107 | D:7      | 6107 ||| READING scroll of enchant armour.
  6107 | D:7      | 6107 ||| ENCHANTING +0 cloak.
  6123 | D:7      | 6123 ||| Stepping ~*~*~tactically~*~*~ (stealth).
  6126 | D:7      | 6126 ||| Stepping ~*~*~tactically~*~*~ (stealth).
  6299 | D:7      | 6299 ||| Stepping ~*~*~tactically~*~*~ (hiding).
  6430 | D:7      | Reached skill level 11 in Axes
  6451 | D:7      | Found Lideess's Antique Armour Emporium.
  6460 | D:7      | 6460 ||| SHOPLISTING ice dragon scales (1620 gold, have
                  | 297).
  6460 | D:7      | 6460 ||| SHOPLISTING shiny plate armour (702 gold, have
                  | 297).
  6561 | D:7      | 6561 ||| Stepping ~*~*~tactically~*~*~ (stealth).
  6956 | D:7      | 6956 ||| DRINKING 2 cyan potions.
  6957 | D:7      | 6957 ||| READING 6 scrolls of identify.
  6957 | D:7      | 6957 ||| IDENTIFYING clear potion
  6958 | D:7      | 6958 ||| READING 5 scrolls of identify.
  6958 | D:7      | 6958 ||| IDENTIFYING viscous red potion
  6959 | D:7      | 6959 ||| READING 4 scrolls of identify.
  6959 | D:7      | 6959 ||| IDENTIFYING ruby potion
  6960 | D:7      | 6960 ||| READING 3 scrolls of identify.
  6960 | D:7      | 6960 ||| IDENTIFYING silvery potion
  6961 | D:7      | 6961 ||| DROPPING potion of ambrosia.
  6962 | D:7      | 6962 ||| DROPPING potion of magic.
  6963 | D:7      | 6963 ||| DROPPING potion of attraction.
  6964 | D:7      | 6964 ||| DROPPING potion of brilliance.
  6965 | D:7      | 6965 ||| DROPPING potion of lignification.
  7029 | D:8      | 7029 ||| INVOKING Berserk.
  7189 | D:8      | Found a sparkling altar of Nemelex Xobeh.
  7296 | D:8      | Reached skill level 12 in Axes
  7341 | D:8      | Found a hazy altar of Hepliaklqana.
  7551 | D:8      | 7551 ||| UPGRADING to +2 cloak.
  7561 | D:8      | 7561 ||| DROPPING +1 cloak.
  7562 | D:8      | 7562 ||| DROPPING scarf of shadows.
  7575 | D:9      | 7575 ||| STAIRDANCE
  7579 | D:9      | Reached skill level 3 in Throwing
  7579 | D:9      | 7579 ||| STAIRDANCE
  7582 | D:8      | Reached XP level 9. HP: 52/75 MP: 8/8
  7802 | D:9      | 7802 ||| INVOKING Berserk.
  7998 | D:9      | 7998 ||| Stepping ~*~*~tactically~*~*~ (hiding).
  8000 | D:9      | 8000 ||| Stepping ~*~*~tactically~*~*~ (hiding).
  8004 | D:9      | 8004 ||| INVOKING Berserk.
  8098 | D:9      | Noticed a cyclops
  8098 | D:9      | Noticed a red ugly thing
  8098 | D:9      | Noticed a boulder beetle
  8098 | D:9      | Noticed a freezing wraith
  8099 | D:9      | 8099 ||| INVOKING Berserk.
  8102 | D:9      | HP: 21/118 [freezing wraith (14)]
  8102 | D:9      | Noticed a boulder beetle
  8104 | D:9      | HP: 1/118 [freezing wraith (16)]
  8105 | D:9      | Killed a freezing wraith
  8105 | D:9      | Noticed a boulder beetle
  8107 | D:9      | Mangled by a boulder beetle

Levels and vault maps discovered:
D:1:      erik_arrival_orb_chamber, layout_basic, chequers_avenue
D:2:      layout_basic
D:3:      layout_basic, kennysheep_ying_yang, nicolae_dithmenos_the_darkroom,
          serial_shops, shop, columned_hall_lemuel
D:4:      layout_gridville, minmay_quantized
D:5:      layout_basic, mainiacjoe_overflow_tiny_flanked,
          minmay_temple_entry_statues_pillars, minmay_misc_feat_iff
D:6:      layout_rooms, kennysheep_orc_sif_temple, serial_shops,
          nicolae_shop_behind_doors
D:7:      layout_basic, serial_shops, nicolae_lakefront_shop,
          nicolae_kite_square_tiling_tiny, hangedman_decor_peaks_small
D:8:      layout_rooms, nicolae_hepliaklqana_hazy_memory,
          mainiacjoe_overflow_24_doors
D:9:      minmay_the_grid_net [minmay_the_grid_large_cup,
          minmay_the_grid_tri_star, minmay_the_grid_rooms,
          minmay_the_grid_plusring, minmay_the_grid_zigzag_pyramid,
          minmay_the_grid_prize_four_corners_diamond_b], layout_irregular_city,
          lemuel_round_altar

Skill      XL: |  1  2  3  4  5  6  7  8  9 |
---------------+----------------------------+-----
Axes           | 4 5 6 7 8 9 12 | 12.9
Throwing       | 1 2 3 |  3.0
Fighting       | 5 6 7 |  7.0
Armour         | 4 5 7 |  7.0
Dodging        | |  2.1

Action                   |  1- 3 |  4- 6 |  7- 9 || total
-------------------------+-------+-------+-------++-------
Melee: Hand axe          |   104 |    56 |    15 ||   175
       Headbutt          |     8 |     7 |    26 ||    41
       Punch             |     1 |     1 |     4 ||     6
       Bite              |       |     2 |    13 ||    15
       War axe           |       |       |   127 ||   127
Throw: Javelin           |       |    17 |    18 ||    35
       Boomerang         |       |     6 |    46 ||    52
Invok: Berserk           |     3 |     3 |     6 ||    12
  Use: Scroll            |     3 |     9 |    11 ||    23
       Potion            |       |     3 |     2 ||     5
 Stab: Invisible         |       |     1 |       ||     1
Armor: Animal skin       |    16 |       |       ||    16
       Scale mail        |    12 |    19 |    10 ||    41
       Plate armour      |       |       |    79 ||    79
Dodge: Dodged            |    55 |    19 |    62 ||   136

Table legend:
 A = Non-vault XP
 B = Vault XP
 C = Vault XP percentage of total XP
 D = Non-vault monster count
 E = Vault monster count
 F = Vault count percentage of total count
                 A         B        C        D         E       F
            +---------+---------+-------+---------+---------+-------
      Total |    3002 |    1234 |  29.1 |     140 |      11 |   7.3
            +---------+---------+-------+---------+---------+-------
        D:1 |      51 |       0 |   0.0 |      31 |       0 |   0.0
        D:2 |      65 |       0 |   0.0 |      27 |       0 |   0.0
        D:3 |      20 |       0 |   0.0 |       9 |       0 |   0.0
        D:4 |     142 |      15 |   9.6 |      14 |       2 |  12.5
        D:5 |     675 |       0 |   0.0 |      15 |       0 |   0.0
        D:6 |     532 |     197 |  27.0 |      20 |       3 |  13.0
        D:7 |     695 |       0 |   0.0 |      11 |       0 |   0.0
        D:8 |     410 |       0 |   0.0 |       9 |       0 |   0.0
        D:9 |     412 |    1022 |  71.3 |       4 |       6 |  60.0
            +---------+---------+-------+---------+---------+-------
